 Dungeon Crawl Stone Soup version 0.28-a0-906-g0406aca7d3 (webtiles) character file.

Game seed: 7079523727010998075

7627 tsouns the Fighter (level 11, -5/82 HPs)
             Began as a Djinni Summoner on Nov 23, 2021.
             Was a Priest of Wu Jian.
             Slain by a gnoll sergeant (6 damage)
             ... on level 9 of the Dungeon.
             The game lasted 00:31:54 (13000 turns).

tsouns the Fighter (Djinni Summoner)               Turns: 13000, Time: 00:31:55

Health: -5/82      AC:  6    Str: 13    XL:     11   Next: 40%
Gold:   1408       EV: 12    Int: 26    God:    Wu Jian [***...] SH: 10 Dex: 14

rFire   + + .      SeeInvis .   e - +4 dagger (flame)
rCold   x . .      Faith    .   n - +0 buckler
rNeg    . . .      Spirit   .   a - +0 robe
rPois   ∞          Reflect  +   b - +1 helmet
rElec   .          Harm     .   (no cloak)
rCorr   .          Rampage  .   s - +1 pair of gloves
Will    +....                   (boots unavailable)
Stlth   +++.......              x - amulet of reflection
HPRegen 0.23/turn               l - +6 ring of intelligence
MPRegen 0.00/turn               g - +6 ring of strength

@: flying
A: sickness immunity, fire resistance 2, cold vulnerability 1, float, innate
caster, hp casting, extra vitality 1
a: Renounce Religion, Wall Jump, Serpent's Lash


You were on level 9 of the Dungeon.
You worshipped Wu Jian.
Wu Jian was most pleased with you.
You visited 2 branches of the dungeon, and saw 10 of its levels.

You collected 1408 gold pieces.

Inventory:

Hand Weapons
 c - a +0 dagger
 d - a +0 mace
 e - a +4 dagger of flaming (weapon)
Missiles
 q - 26 poisoned darts
 t - 2 throwing nets
Armour
 a - a +0 robe (worn)
 b - a +1 helmet (worn)
 n - a +0 buckler (worn)
 s - a +1 pair of gloves (worn)
Jewellery
 g - a +6 ring of strength (right hand)
 l - a +6 ring of intelligence (left hand)
 x - an amulet of reflection (around neck)
Wands
 o - a wand of iceblast (7)
 p - a wand of flame (5)
 v - a wand of charming (11)
 w - a wand of acid (12)
 C - a wand of polymorph (5)
Scrolls
 k - 3 scrolls of magic mapping
 m - 2 scrolls of teleportation
 r - a scroll of immolation
 y - a scroll of silence
 z - a scroll of summoning
 D - a scroll of fog
 E - 3 scrolls of identify
Potions
 f - a potion of lignification
 h - 4 potions of heal wounds
 i - 2 potions of haste
 j - a potion of curing
 u - a potion of ambrosia
 A - a potion of brilliance
 B - a potion of mutation


   Skills:
 + Level 8.8 Fighting
 - Level 6.8 Short Blades
 - Level 2.1 Dodging
 - Level 7.0 Stealth
 - Level 4.0 Shields
 + Level 7.6 Spellcasting


You couldn't memorise any spells.
You knew the following spells:

 Your Spells              Type           Power      Damage    Failure   Level
a - Summon Small Mammal   Summ           100%       N/A       1%          1
b - Call Imp              Summ           50%        N/A       1%          2
c - Call Canine Familiar  Summ           50%        N/A       1%          3
d - Summon Guardian Gole  Hex/Summ       50%        N/A       1%          3
e - Summon Lightning Spi  Summ/Air       50%        N/A       2%          4
f - Shock                 Conj/Air       100%       1d9       1%          1
g - Scorch                Fire           100%       2d10      1%          2
h - Vampiric Draining     Necr           50%        2d9       1%          3
i - Animate Armour        Summ/Erth      100%       N/A       2%          4
j - Sticky Flame          Conj/Fire      50%        2d7       2%          4
Your spell library was empty.

Dungeon Overview and Level Annotations

Branches:
Dungeon (9/15)             Temple (1/1) D:5            Lair (0/6) D:8
    Orc: D:9-12

Altars:
Ashenzari
Cheibriados
Dithmenos
Elyvilon
Fedhas
Gozag
Hepliaklqana
Kikubaaqudgha
Makhleb
Nemelex Xobeh
Okawaru
Qazlal
Ru
Sif Muna
Trog
Uskayaw
Vehumet
Wu Jian
Xom
Yredelemnul
Zin
The Shining One

Shops:
D:9 (


Innate Abilities, Weirdness & Mutations

You are immune to sickness and miasma.
You are immune to poison.
Your flesh is very heat resistant. (rF++)
You are vulnerable to cold. (rC-)
You float through the air rather than walking.
You learn spells naturally, not from books.
Your magical power is your life essence.
You have superior vitality. (+4 HP)


Message History

You kill the gnoll!
The Council accepts your kill. You block the gnoll sergeant's attack.
Casting: Shock (safe; 1% risk of failure)
Confirm with . or Enter, or press ? or * to list all spells.
Aiming: Shock (safe; 1% risk of failure)
Press: ? - help, Shift-Dir - straight line, f/p - gnoll sergeant
Aim: a gnoll sergeant, wielding a +2 trident of freezing and wearing a +0 scale mail (heavily wounded, 81% to hit)
The zap hits the gnoll sergeant.
The gnoll sergeant is heavily wounded.
The gnoll sergeant closely misses you.
You lunge at the gnoll sergeant, in a flurry of attacks.
You hit the gnoll sergeant but do no damage.
The gnoll sergeant is heavily wounded.
You hit the gnoll sergeant. You burn the gnoll sergeant.
The gnoll sergeant is severely wounded.
The gnoll sergeant hits you with a +2 trident of freezing!
The gnoll sergeant freezes you!
Items here: )) [ †.
You barely miss the gnoll sergeant.
The gnoll sergeant is severely wounded.
The gnoll sergeant hits you with a +2 trident of freezing!
* * * LOW HITPOINT WARNING * * *
The gnoll sergeant freezes you.
* * * LOW HITPOINT WARNING * * *
You closely miss the gnoll sergeant.
The gnoll sergeant is severely wounded.
You block the gnoll sergeant's attack.
Casting: Shock (safe; 1% risk of failure)
Confirm with . or Enter, or press ? or * to list all spells.
Aiming: Vampiric Draining (safe; 1% risk of failure)
Press: ? - help, Shift-Dir - straight line, f/p - gnoll sergeant
Aim: a gnoll sergeant, wielding a +2 trident of freezing and wearing a +0 scale mail (severely wounded)
You draw life force from the gnoll sergeant.
You feel life coursing into your body.
* * * LOW HITPOINT WARNING * * *
The gnoll sergeant hits you with a +2 trident of freezing!
* * * LOW HITPOINT WARNING * * *
The gnoll sergeant freezes you.
You die...

#.............# #.#
#.............# #.#
#.............# #.#
#.............# #.#
.>.....)......# #.# #)#
#.# #.### #)# #.# #....
#g# #.# #.### #@# #.#
#.#
.#####.#####.######.#
.....................#
.......######.######.###
....... #.# #....
....... #.# #.###
....... #.# #.# ....∩..
#.# #.# ....... ... ..#


You could see a gnoll sergeant.

Vanquished Creatures
  2 death yaks (D:8)
  Pikel (D:5)
  A hornet (D:8)
  Prince Ribbit (D:5)
  2 water moccasins
  A sky beast (D:6)
  A black bear (D:5)
  2 ogres
  10 centaurs
  2 bullfrogs (D:7)
  A scorpion (D:4)
  A wyvern zombie (D:7)
  A water moccasin skeleton (D:6)
  A wyvern skeleton (D:7)
  2 howler monkeys
  A jelly (D:6)
  A hound (D:3)
  A centaur zombie (D:7)
  2 gnoll shamans
  A centaur skeleton (D:7)
  A bullfrog skeleton (D:6)
  2 iguanas
  2 orc wizards (D:5)
  A killer bee zombie (D:7)
  2 hound skeletons
  6 adders
  24 gnolls
  3 shadow imps
  2 white imps (D:7)
  2 dart slugs
  2 worms (D:4)
  5 orcs
  A bat (D:1)
  2 endoplasms (D:3)
  3 giant cockroaches
  4 goblins
  8 hobgoblins
  4 jackals
  2 quokkas (D:2)
  A ball python (D:4)
  6 frilled lizards
  A jackal skeleton (D:4)
  6 kobolds
  4 rats
129 creatures vanquished.

Vanquished Creatures (collateral kills)
  2 death yaks (D:8)
  Grinder (D:6)
  A water moccasin (D:5)
  A black bear (D:7)
  2 centaurs
  A lemure (D:5)
  A phantom (D:6)
  A gnoll sergeant (D:9)
  2 howler monkeys (D:8)
  6 gnolls
  2 adders
  An orc (D:3)
  A bat (D:1)
  2 endoplasms
  A giant cockroach (D:3)
  2 goblins (D:1)
  2 hobgoblins (D:1)
  A jackal (D:2)
  2 quokkas
  A ball python (D:1)
  A kobold (D:2)
  3 rats (D:1)
37 creatures vanquished.

Vanquished Creatures (others)
  2 death yaks (D:8)
  A gnoll shaman (D:7)
  A gnoll (D:7)
  6 plants (D:4)
10 creatures vanquished.

Grand Total: 176 creatures vanquished

Notes
Turn   | Place    | Note
-------+----------+-------------------------------------------
     0 | D:1      | tsouns the Djinni Summoner began the quest for the Orb.
     0 | D:1      | Reached XP level 1. HP: 15/15 MP: 0/0
   340 | D:1      | Reached skill level 1 in Fighting
   340 | D:1      | Reached XP level 2. HP: 17/22 MP: 0/0
   960 | D:1      | Found a faded altar of an unknown god.
   966 | D:1      | Prayed at the altar of an unknown god.
   966 | D:1      | Became a worshipper of the Wu Jian Council
   966 | D:1      | Reached * piety under Wu Jian
  1033 | D:1      | Reached XP level 3. HP: 27/27 MP: 0/0
  1033 | D:1      | Learned a level 1 spell: Shock
  1725 | D:2      | Reached skill level 2 in Fighting
  1967 | D:2      | Reached XP level 4. HP: 24/33 MP: 0/0
  3240 | D:3      | Reached skill level 1 in Shields
  3240 | D:3      | Reached XP level 5. HP: 26/39 MP: 0/0
  3240 | D:3      | Learned a level 2 spell: Scorch
  3382 | D:3      | Reached ** piety under Wu Jian
  3826 | D:3      | Reached skill level 3 in Fighting
  4358 | D:4      | Reached XP level 6. HP: 44/46 MP: 0/0
  4468 | D:4      | Found a hazy altar of Hepliaklqana.
  4503 | D:4      | Reached skill level 1 in Short Blades
  4710 | D:4      | Noticed an ogre
  4728 | D:4      | Killed an ogre
  4847 | D:4      | Reached XP level 7. HP: 45/50 MP: 0/0
  4847 | D:4      | Learned a level 3 spell: Vampiric Draining
  5756 | D:4      | Noticed a +0 falchion
  5756 | D:4      | Noticed a +0 short sword
  5758 | D:4      | Noticed a +0 falchion
  5758 | D:4      | Noticed a +0 spear
  5758 | D:4      | Noticed a +0 spear
  5758 | D:4      | Noticed a +0 short sword
  5759 | D:4      | Noticed a +0 dagger
  5759 | D:4      | Noticed a +0 dagger
  5764 | D:4      | Found a hide-covered altar of Uskayaw.
  5936 | D:5      | Entered Level 5 of the Dungeon
  6058 | D:5      | Noticed Prince Ribbit
  6068 | D:5      | Killed Prince Ribbit
  6069 | D:5      | Reached skill level 4 in Fighting
  6402 | D:5      | Reached XP level 8. HP: 55/58 MP: 0/0
  6442 | D:5      | Noticed Pikel
  6486 | D:5      | Killed Pikel
  6487 | D:5      | Reached skill level 5 in Spellcasting
  7104 | D:5      | Found a staircase to the Ecumenical Temple.
  7166 | Temple   | Entered the Ecumenical Temple
  7319 | D:5      | Reached skill level 5 in Fighting
  7486 | D:6      | Reached XP level 9. HP: 60/65 MP: 0/0
  7486 | D:6      | Learned a level 4 spell: Animate Armour
  8067 | D:6      | Found an opulent altar of Gozag.
  8067 | D:6      | Found a bloodstained altar of Trog.
  8130 | D:6      | HP: 2/66 [centaur/arrow (10)]
  8827 | D:6      | Noticed Grinder
  9878 | D:7      | Reached skill level 6 in Fighting
  9945 | D:6      | Reached *** piety under Wu Jian
 10117 | D:6      | Reached skill level 5 in Stealth
 10331 | D:6      | Killed Grinder
 10332 | D:6      | Reached XP level 10. HP: 63/73 MP: 0/0
 10334 | D:6      | Reached skill level 5 in Short Blades
 11077 | D:7      | Identified a scroll of acquirement
 11078 | D:7      | Acquired 946 gold pieces
 11159 | D:8      | Noticed a death yak
 11164 | D:8      | Noticed a death yak
 11165 | D:8      | Noticed a death yak
 11167 | D:8      | Noticed a death yak
 11171 | D:8      | Killed a death yak
 11172 | D:8      | Reached skill level 7 in Fighting
 11172 | D:8      | Noticed a death yak
 11173 | D:8      | Noticed a death yak
 11191 | D:8      | Killed a death yak
 11192 | D:8      | Killed a death yak
 11192 | D:8      | Killed a death yak
 11353 | D:8      | Reached XP level 11. HP: 68/81 MP: 0/0
 11353 | D:8      | Learned a level 4 spell: Sticky Flame
 11384 | D:8      | Killed a death yak
 11385 | D:8      | Reached skill level 8 in Fighting
 11405 | D:8      | Killed a death yak
 11666 | D:8      | Found a staircase to the Lair.
 12967 | D:9      | Found Nesoutra's Antique Weapon Shop.
 13000 | D:9      | HP: 1/82 [gnoll sergeant (16)]
 13000 | D:9      | Slain by a gnoll sergeant

Illustrated notes

Levels and vault maps discovered:
D:1:      lemuel_arrival_muddy, layout_basic,
          chequers_ecumenical_altar_simple_redux
D:2:      layout_basic, minmay_misc_feat_more_columns
D:3:      layout_basic, minmay_starry_boxes
D:4:      layout_basic, nicolae_uskayaw_en_pointe,
          nicolae_hepliaklqana_hazy_memory, minmay_misc_feat_roman,
          nicolae_figureground_sparkle
D:5:      layout_loops_ring, minmay_temple_entry_offerings, uniq_prince_ribbit1,
          uniq_pikel
D:6:      layout_cave_pods, gammafunk_temple_overflow_statue,
          nicolae_lava_and_water, centaur_isle, uniq_grinder
D:7:      layout_gridville
D:8:      layout_gridville, dpeg_lair_monsters
D:9:      layout_small_grid, serial_shops, shop
Temple:   mainiacjoe_temple_coin_purse

Skill      XL: |  1  2  3  4  5  6  7  8  9 10 11 |
---------------+----------------------------------+-----
Fighting       | 1 2 3 4 5 6 7 8 |  8.8
Spellcasting   | 4 5 6 7 |  7.6
Shields        | 1 2 3 4 |  4.0
Short Blades   | 1 2 3 4 6 |  6.8
Stealth        | 2 3 5 6 7 |  7.0
Dodging        | |  2.1

Action                   |  1- 3 |  4- 6 |  7- 9 | 10-12 || total
-------------------------+-------+-------+-------+-------++-------
Melee: Unarmed           |    11 |       |       |       ||    11
       Dagger            |    62 |   108 |    73 |    69 ||   312
       Mace              |     8 |       |       |       ||     8
 Cast: Summon Small Mamm |    35 |     6 |    13 |       ||    54
       Call Imp          |       |    10 |    16 |     1 ||    27
       Summon Lightning  |       |     1 |     4 |     7 ||    12
       Shock             |       |    20 |   125 |    26 ||   171
       Vampiric Draining |       |       |     8 |    10 ||    18
       Summon Guardian G |       |       |     6 |     7 ||    13
       Animate Armour    |       |       |     1 |     3 ||     4
       Call Canine Famil |       |       |       |     4 ||     4
       Sticky Flame      |       |       |       |     2 ||     2
Invok: Lunge             |     3 |     5 |     2 |     5 ||    15
       Whirlwind         |       |     2 |     2 |       ||     4
 Abil: Wall Jump         |       |       |     1 |       ||     1
  Use: Scroll            |     1 |     8 |     9 |     5 ||    23
 Stab: Sleeping          |     2 |     4 |     3 |     6 ||    15
       Distracted        |       |     1 |       |     1 ||     2
Armor: Robe              |    25 |    16 |    20 |    14 ||    75
Dodge: Dodged            |    56 |    46 |    61 |    32 ||   195
Block: Buckler           |       |    11 |    44 |    38 ||    93
       Reflection        |       |       |     7 |     8 ||    15

Table legend: (Time is in decaauts)
 A = Elapsed time spent in this place.
 B = Non-inter-level travel time spent in this place.
 C = Inter-level travel time spent in this place.
 D = Time resting spent in this place.
 E = Time spent auto-exploring this place.
 F = Levels seen in this place.
 G = Mean time per level.
                   A        B        C        D        E       F      G
               +--------+--------+--------+--------+--------+-----+--------+
         Total |  12976 |  12595 |    381 |    166 |  10673 |  10 | 1297.6 |
       Dungeon |  12862 |  12492 |    370 |    166 |  10587 |   9 | 1429.1 |
        Temple |    114 |    103 |     11 |      0 |     86 |   1 |  114.0 |
               +--------+--------+--------+--------+--------+-----+--------+

Top non-repeatable levels by time:
     D:6: 2820 daAuts
     D:3: 1877 daAuts
     D:8: 1564 daAuts
     D:4: 1394 daAuts
     D:1: 1392 daAuts
     D:5: 1385 daAuts
     D:2: 1278 daAuts
     D:7: 840 daAuts
     D:9: 308 daAuts
  Temple: 114 daAuts
